 Dungeon Crawl Stone Soup version 0.22.0 (webtiles) character file.

116 Gremour the Slasher (level 5, -16/32 HPs)
             Began as a Gargoyle Chaos Knight on Aug 10, 2018.
             Demolished by a gnoll
             ... wielding a +0 halberd
              (18 damage)
             ... on level 2 of the Dungeon.
             The game lasted 00:10:06 (1475 turns).

Gremour the Slasher (Gargoyle Chaos Knight)         Turns: 1475, Time: 00:10:07

Health: -16/32     AC:  8    Str: 14    XL:     5   Next: 0%
Magic:  5/5        EV: 11    Int: 10    God:    Xom [...*..]
Gold:   80         SH:  0    Dex: 10    Spells: 4/4 levels left

rFire    . . .     SeeInvis .   a - +0 falchion (chaos)
rCold    . . .     Gourm    .   (no shield)
rNeg     + . .     Faith    .   b - +2 leather armour
rPois    ∞         Spirit   .   (no helmet)
rElec    +         Reflect  .   (no cloak)
rCorr    .         Harm     .   (no gloves)
MR       .....                  q - +0 pair of boots
Stlth    +.........             (no amulet)
HPRegen  0.10/turn              (no ring)
MPRegen  0.09/turn              (no ring)

@: no status effects
A: deformed body, dopey 1, negative energy resistance 1, electricity resistance,
weak 1, unbreathing, petrification resistance, rot immunity, MP-powered wands,
AC +4
a: Renounce Religion


You were on level 2 of the Dungeon.
You worshipped Xom.
You were a favourite toy of Xom.
You were not hungry.

You visited 1 branch of the dungeon, and saw 2 of its levels.

You collected 80 gold pieces.

Inventory:

Hand Weapons
 a - a +0 falchion of chaos (weapon)
Missiles
 g - 100 arrows
Armour
 b - a +2 leather armour (worn)
 c - a +0 large shield
 q - a +0 pair of boots (worn)
Jewellery
 f - a cursed -3 ring of dexterity {unknown}
 p - an uncursed ring of protection from cold {unknown}
Scrolls
 e - a scroll of identify {unknown}
 h - a scroll of magic mapping {unknown}
 l - a scroll of teleportation {unknown}
Potions
 d - a potion of curing {unknown}
 k - a potion of brilliance {unknown}
 n - a potion of invisibility {unknown}
 o - a potion of might {unknown}
Comestibles
 i - 2 chunks of flesh
 m - 5 rations


   Skills:
 - Level 3.2 Fighting
 * Level 4.9 Long Blades
 - Level 2.1 Armour
 - Level 0.7 Dodging
 - Level 1.0 Shields


You had 4 spell levels left.
You didn't know any spells.
Your spell library was empty.

Dungeon Overview and Level Annotations

Branches:
Dungeon (2/15)

Altars:
Elyvilon
The Shining One


Innate Abilities, Weirdness & Mutations

You are resistant to torment.
Your stone body is resilient. (AC +4)
You are immune to poison.
You resist negative energy. (rN+)
You are resistant to electric shocks. (rElec)
You can survive without breathing.
You are immune to petrification.
You are immune to rotting.
Armour fits poorly on your strangely shaped body.
You are dopey. (Int -2)
You are weak. (Str -2)
You expend magic power (3 MP) to strengthen your wands.


Message History

Ouch! That really hurt!
You barely miss the gnoll.
The gnoll is lightly wounded.
The gnoll hits you with a halberd!
* * * LOW HITPOINT WARNING * * *
Unknown command.
You completely miss the gnoll.
The gnoll is lightly wounded.
The gnoll seems less confused.
The gnoll barely misses you.
Unknown command.
Okay, then.
You closely miss the gnoll.
The gnoll is lightly wounded.
The gnoll barely misses you. The gnoll closely misses you.
You closely miss the gnoll.
The gnoll is lightly wounded.
The gnoll hits you with a halberd!!
Ouch! That really hurt!
You die...
Xom thinks this is hilarious!

#........#.#.#.....<..
#####.##.#.....######.
##....#............
#####..........########
##.......#.#(..## ##
###..#.......b...# #.
g......)).........## #.
........g......#..## ###.
......%.g@.....##..# #...
.........b..b..###.####..#
########.......# #.>).....
#.......# ########.
#.......# ## #.......#
#########


You could see 2 gnolls.

Vanquished Creatures
  A gnoll (D:2)
  4 adders (D:2)
  An ooze (D:2)
  A worm (D:2)
  2 dart slugs
  A ball python (D:2)
  5 bats
  2 giant cockroaches
  2 goblins (D:2)
  7 hobgoblins
  2 frilled lizards
  5 kobolds
  9 rats
42 creatures vanquished.

Vanquished Creatures (collateral kills)
  3 gnolls (D:2)
  A goblin (D:2)
  A frilled lizard (D:2)
5 creatures vanquished.

Grand Total: 47 creatures vanquished

Notes
Turn   | Place    | Note
-------+----------+-------------------------------------------
     0 | D:1      | Gremour the Gargoyle Chaos Knight began the quest for the Orb.
     0 | D:1      | Reached XP level 1. HP: 14/14 MP: 1/1
    42 | D:1      | XOM: harmless Pois miscast
    47 | D:1      | Reached skill level 3 in Long Blades
   136 | D:1      | Reached XP level 2. HP: 19/19 MP: 2/2
   391 | D:1      | XOM: butterfly on damage
   496 | D:1      | XOM: harmless Erth miscast
   582 | D:1      | XOM: cloud trail
   621 | D:1      | XOM: medium Pois miscast
   714 | D:2      | Found a faded altar of an unknown god.
   725 | D:2      | XOM: enchant monster (good)
   735 | D:2      | Reached XP level 3. HP: 18/23 MP: 3/3
   765 | D:2      | XOM: enchant monster (good)
   813 | D:2      | XOM: smoke on damage
   814 | D:2      | Reached skill level 4 in Long Blades
   854 | D:2      | Reached skill level 1 in Shields
   854 | D:2      | Reached XP level 4. HP: 12/28 MP: 4/4
   943 | D:2      | Found a glowing golden altar of the Shining One.
   967 | D:2      | XOM: summons 3 friendly demons
   974 | D:2      | XOM: divination: detect creatures
  1134 | D:2      | XOM: god gift: mace {god gift}
  1292 | D:2      | Found a white marble altar of Elyvilon.
  1452 | D:2      | XOM: give mutations
  1452 | D:2      | Gained mutation: You are dopey. (Int -2) [Xom's mischief]
  1452 | D:2      | Gained mutation: You expend magic power (3 MP) to strengthen your wands. [Xom's mischief]
  1452 | D:2      | Gained mutation: You are weak. (Str -2) [Xom's mischief]
  1452 | D:2      | Gained mutation: Armour fits poorly on your strangely shaped body. [Xom's mischief]
  1457 | D:2      | XOM: god gift: 3 rations
  1464 | D:2      | XOM: butterfly on damage
  1466 | D:2      | Reached XP level 5. HP: 5/32 MP: 5/5
  1475 | D:2      | Demolished by a gnoll

Skill      XL: |  1  2  3 |
---------------+----------+-----
Long Blades    | 3 4 |  4.9
Shields        | 1 |  1.0
Fighting       | |  3.2
Armour         | |  2.1
Dodging        | |  0.7

Action                   |  1- 3 |  4- 6 || total
-------------------------+-------+-------++-------
Melee: Falchion          |    94 |    63 ||   157
  Use: Potion            |     1 |     1 ||     2
  Eat: Chunk             |       |     2 ||     2
Armor: Leather armour    |    45 |    23 ||    68
Dodge: Dodged            |    39 |    42 ||    81
Block: Large shield      |    33 |       ||    33
       Rpst.: Falchion   |    16 |    11 ||    27
